 Dungeon Crawl Stone Soup version 0.23.2-30-g0e89c35649 (webtiles) character file.

Game seed: 16365636812074509198

33 Descartes the Skirmisher (level 3, 0/30 HPs)
             Began as a Formicid Abyssal Knight on June 16, 2019.
             Was a Follower of Lugonu.
             Slain by a worm (11 damage)
             ... on level 2 of the Dungeon.
             The game lasted 00:02:31 (1079 turns).

Descartes the Skirmisher (Formicid Abyssal Knight)  Turns: 1079, Time: 00:02:32

Health: 0/30       AC:  3    Str: 17    XL:     3   Next: 47%
Magic:  4/4        EV: 11    Int: 11    God:    Lugonu [*.....]
Gold:   49         SH:  0    Dex: 10    Spells: 2/2 levels left

rFire    + . .     SeeInvis +   a - +1 hand axe
rCold    x . .     Gourm    .   (no shield)
rNeg     . . .     Faith    .   b - +0 leather armour
rPois    .         Spirit   .   (helmet unavailable)
rElec    .         Reflect  .   (no cloak)
rCorr    .         Harm     .   (no gloves)
MR       .....                  (no boots)
Stlth    +.........             (no amulet)
HPRegen  0.10/turn              f - ring of fire
MPRegen  0.09/turn              (no ring)

@: no status effects
A: permanent stasis, dig shafts and tunnels, four strong arms, antennae 3
a: Dig, Shaft Self, Depart the Abyss, Renounce Religion


You were on level 2 of the Dungeon.
You worshipped Lugonu.
Lugonu was aware of your devotion.
You were not hungry.

You visited 1 branch of the dungeon, and saw 2 of its levels.
You visited the Abyss 1 time.

You collected 49 gold pieces.

Inventory:

Hand Weapons
 a - a +1 hand axe (weapon)
Missiles
 n - 96 stones (quivered)
 o - 3 tomahawks
Armour
 b - a +0 leather armour (worn)
Jewellery
 f - a ring of fire (left hand)
Scrolls
 g - 3 scrolls of enchant weapon {unknown}
 h - a scroll of remove curse {unknown}
 i - a scroll of fog {unknown}
 j - a scroll of amnesia {unknown}
 m - 2 scrolls of noise {unknown}
 p - a scroll of teleportation {unknown}
Potions
 d - a potion of curing {unknown}
 e - a potion of heal wounds {unknown}
 k - 2 potions of agility {unknown}
 l - a potion of berserk rage {unknown}
 r - a potion of might {unknown}
Comestibles
 c - 3 rations


   Skills:
 + Level 3.6 Fighting
 + Level 2.3 Axes
 + Level 2.4 Armour
 + Level 1.0 Dodging
 * Level 1.8 Stealth
 + Level 2.5 Invocations


You had 2 spell levels left.
You didn't know any spells.
Your spell library was empty.

Dungeon Overview and Level Annotations

Branches:
Dungeon (2/15)

Altars:


Innate Abilities, Weirdness & Mutations

You cannot be hasted, slowed, berserked, paralysed or teleported.
You can dig through walls and to a lower floor.
Your four strong arms can wield two-handed weapons with a shield.
You have a pair of large antennae on your head. (SInv)


Message History

A worm comes into view.
A worm is nearby!
You hit the worm.
The worm is moderately wounded.
The worm barely misses you.
You barely miss the worm.
The worm is moderately wounded.
The worm bites you.
You slash the worm!
The worm is heavily wounded.
You hit the worm.
The worm is severely wounded.
The worm bites you!
You are too injured to fight recklessly!
You are too injured to fight recklessly!
You are too injured to fight recklessly!
You hit the worm.
The worm is almost dead.
The worm bites you!
You die...

#.##.####.#.........
#.##.....###.#######
#######.#<.####.#.##
....##...........##
#.......#.######.#
#.#.###.#.# #.#
#.#.# #.#.# #.#
#.#.# #.#.# #.#
..#.###.#.# #@#
..........# #w#
........### #.#
#........... ..#
..#.######## ###
###.# ..# ####


You could see a worm.

Vanquished Creatures
  An adder (D:2)
  A dart slug (D:2)
  A leopard gecko (D:1)
  A giant cockroach (D:2)
  7 goblins
  A hobgoblin (D:1)
  2 kobolds
  2 bats (D:1)
  4 rats (D:1)
20 creatures vanquished.

Notes
Turn   | Place    | Note
-------+----------+-------------------------------------------
     0 | Abyss:1  | Descartes the Formicid Abyssal Knight began the quest for
                  | the Orb.
     0 | Abyss:1  | Reached XP level 1. HP: 18/18 MP: 2/2
    90 | Abyss:1  | Noticed a ynoxinul
   102 | D:1      | Escaped the Abyss
   177 | D:1      | Reached skill level 1 in Stealth
   177 | D:1      | Reached XP level 2. HP: 23/24 MP: 3/3
   213 | D:1      | Reached skill level 1 in Dodging
   992 | D:2      | Reached XP level 3. HP: 23/29 MP: 4/4
  1079 | D:2      | Slain by a worm

Skill      XL: |  1  2 |
---------------+-------+-----
Stealth        | 1 |  1.8
Dodging        | 1 |  1.0
Fighting       | |  3.6
Axes           | |  2.3
Armour         | |  2.4
Invocations    | |  2.5

Action                   || total
-------------------------++-------
Melee: Hand axe          ||    70
  Eat: Chunk             ||     1
Armor: Leather armour    ||    16
Dodge: Dodged            ||    49
